AoeStats
← rafoBR

Arena

510021748Analyzed
3v3 RM · 5d ago on Sep 29, 2026· 48m 4s· 6 players
Game mode
Random Map
Map size
Normal (6 player)
Population
200
Speed
Normal
Resources
Standard
Victory
Conquest
Starting age
Dark Age
Ending age
Imperial Age
RankedLock teamsTeams togetherTeam positionsShared explorationLock speedFull tech treeHidden civsTurbo modeCheats
Victory
Defeat
🇨🇳 Burgundians · China
1227
+18
🇨🇱 Mongols · Chile
1226
+18
🇧🇷 Malians · Brazil
1190
+21
🇨🇱 Spanish · Chile
1299
-20
🇨🇱 Mongols · Chile
1285
-19
🇨🇱 Teutons · Chile
1247
-18
MexKajica
10:25 Feudal Age
14:12 Castle Age
12:55 Loom
13:45 Wheelbarrow
15:07 Fletching
21:21 Bodkin Arrow
43:38 Town Watch
45:53 Gold Mining
46:39 Ballistics
rafoBR
10:52 Feudal Age
15:11 Castle Age
13:34 Horse Collar
14:31 Double-Bit Axe
17:56 Loom
22:12 Gold Mining
28:51 Imperial Age
26:56 Heavy Plow
27:57 Forging
30:47 Wheelbarrow
30:18 Fletching
32:26 Hand Cart
35:21 Iron Casting
35:44 Bodkin Arrow
38:32 Town Watch
38:19 Man-at-Arms
39:00 Squires
41:06 Chemistry
39:32 Long Swordsman
39:58 Arson
40:15 Scale Mail Armor
40:27 Padded Archer Armor
40:30 Two-Handed Swordsman
41:56 Chain Mail Armor
42:30 Leather Archer Armor
44:05 Plate Mail Armor
44:05 Champion
46:47 Thumb Ring
illus
3:39 Double-Bit Axe
6:37 Horse Collar
10:53 Feudal Age
14:25 Castle Age
13:18 Bow Saw
13:16 Heavy Plow
17:17 Wheelbarrow
22:47 Hand Cart
23:17 Stone Mining
23:20 Gold Mining
28:08 Imperial Age
26:20 Gold Shaft Mining
26:29 Stone Shaft Mining
25:43 Cavalier
26:24 Husbandry
26:51 Guilds
26:52 Scale Barding Armor
27:47 Forging
28:33 Chain Barding Armor
28:27 Paladin
30:46 Siphons
30:34 Fletching
31:20 Bodkin Arrow
31:35 Loom
31:40 Town Watch
34:29 Plate Barding Armor
34:48 Conscription
36:12 Iron Casting
38:27 Scale Mail Armor
39:25 Hoardings
40:11 Chain Mail Armor
40:56 Blast Furnace
40:06 Squires
41:23 Chemistry
42:05 Plate Mail Armor
42:11 Bracer
42:37 Ballistics
43:56 Two-Man Saw
43:55 Arson
[aM] Hera
7:12 Loom
10:42 Feudal Age
15:03 Castle Age
12:55 Horse Collar
15:09 Double-Bit Axe
17:54 Padded Archer Armor
27:19 Wheelbarrow
28:05 Heavy Plow
28:15 Stone Mining
28:16 Gold Mining
28:56 Leather Archer Armor
35:08 Imperial Age
32:27 Town Watch
32:57 Hand Cart
32:56 Forging
32:46 Scale Mail Armor
33:21 Squires
33:01 Pikeman
34:13 Bow Saw
34:00 Gambesons
34:55 Iron Casting
35:15 Chain Mail Armor
37:50 Blast Furnace
37:47 Halberdier
38:31 Fletching
40:40 Conscription
45:20 Town Patrol
45:55 Plate Mail Armor
45:23 Bodkin Arrow
edespanu
2:05 Loom
5:02 Loom
10:39 Feudal Age
14:27 Castle Age
13:41 Fletching
13:50 Loom
17:06 Bodkin Arrow
18:51 Double-Bit Axe
18:52 Horse Collar
20:17 Bow Saw
21:41 Town Watch
23:03 Padded Archer Armor
23:24 Gold Mining
27:07 Leather Archer Armor
30:24 Ballistics
32:17 Heavy Plow
34:13 Town Patrol
35:19 Herbal Medicine
36:42 Gold Shaft Mining
37:08 Bloodlines
36:58 Husbandry
39:16 Nomads
41:11 Wheelbarrow
41:20 Fortified Wall
41:26 Stone Mining
41:32 Crossbowman
42:43 Hand Cart
43:04 Thumb Ring
Carlo Ancelotti
10:56 Feudal Age
14:49 Castle Age
17:06 Forging
17:02 Scale Barding Armor
18:52 Iron Casting
18:08 Double-Bit Axe
32:11 Squires
31:59 Arson
32:37 Bow Saw
32:26 Pikeman
35:52 Imperial Age
34:29 Scale Mail Armor
36:25 Halberdier
Connection lost

Rejoining the realm…

Still unreachable

The connection could not be restored.

Session expired

The server has moved on; the page needs a fresh start.